 Dungeon Crawl Stone Soup version 0.29.0-13-gc9e81de378 (webtiles) character file.

Game seed: 12117308347308958042

3939 gelatine the Covered (level 10, -16/76 HPs)
             Began as a Demonspawn Fighter on Sept 9, 2022.
             Demolished by a two-headed ogre
             ... wielding a +0 giant spiked club
              (22 damage)
             ... on level 9 of the Dungeon.
             The game lasted 00:21:59 (10763 turns).

gelatine the Covered (Demonspawn Fighter)          Turns: 10763, Time: 00:22:00

Health: -16/76     AC: 10    Str: 21    XL:     10   Next: 1%
Magic:  10/10      EV: 13    Int: 14    God:
Gold:   218        SH:  5    Dex: 12    Spells: 9/9 levels left

rFire   + . .      SeeInvis +   M - +3 hand axe (venom)
rCold   . . .      Faith    .   c - +0 buckler
rNeg    . . .      Spirit   .   G - +0 robe "Kiolaowneck" {rCorr Int-3 Slay+5 SInv}
rPois   +          Reflect  .   K - +2 helmet {Int+3}
rElec   .          Harm     .   (no cloak)
rCorr   +          Rampage  .   N - +2 pair of gloves
Will    .....                   n - +0 pair of boots
Stlth   +.........              (no amulet)
HPRegen 0.22/turn               C - ring of poison resistance
MPRegen 0.12/turn               q - ring of protection from fire

@: very slow
A: claws 1, foul stench 2, spiny 1, big brain 2
a: no special abilities


You were on level 9 of the Dungeon.
You visited 1 branch of the dungeon, and saw 9 of its levels.

You collected 444 gold pieces.
You spent 226 gold pieces at shops.

Inventory:

Hand Weapons
 a - a +0 war axe
 M - a +3 hand axe of venom (weapon)
 P - a +0 broad axe
 S - a +0 spear
Armour
 b - a +0 scale mail
 c - a +0 buckler (worn)
 n - a +0 pair of boots (worn)
 o - a +0 helmet of see invisible
 s - a +0 chain mail
 x - a +0 leather armour of fire resistance
 G - the +0 robe "Kiolaowneck" (worn) {rCorr Int-3 Slay+5 SInv}
   (You found it on level 6 of the Dungeon)

   Int:       It affects your intelligence (-3).
   Slay:      It affects your accuracy & damage with ranged weapons and melee
   (+5).
   SInv:      It lets you see invisible.
   rCorr:     It protects you from acid and corrosion.
 K - a +2 helmet of intelligence (worn)
 N - a +2 pair of gloves (worn)
 O - a +2 robe of willpower
Jewellery
 f - a ring of wizardry
 m - a ring of positive energy
 q - a ring of protection from fire (right hand)
 C - a ring of poison resistance (left hand)
 F - a ring of protection from cold
 J - a ring of ice
Wands
 k - a wand of mindburst (15)
 A - a wand of digging (8)
 D - a wand of roots (7)
Scrolls
 e - a scroll of immolation
 g - 7 scrolls of teleportation
 l - 2 scrolls of amnesia
 t - a scroll of enchant armour {unknown}
 w - a scroll of torment {unknown}
 y - 2 scrolls of noise {unknown}
 z - 2 scrolls of fear {unknown}
 B - a scroll of magic mapping {unknown}
 E - 2 scrolls of poison {unknown}
 I - a scroll of brand weapon {unknown}
 L - a scroll of blinking {unknown}
Potions
 d - 3 potions of might
 h - 4 potions of attraction
 j - a potion of mutation
 p - a potion of lignification
 r - a potion of haste
 u - a potion of ambrosia {unknown}
 v - 2 potions of berserk rage {unknown}
 H - 4 potions of curing {unknown}
Miscellaneous
 Q - a phial of floods (inert)


   Skills:
 * Level 6.2 Fighting
 * Level 7.1 Axes
 + Level 2.5 Throwing
 * Level 7.5 Armour
 * Level 4.3 Dodging
 + Level 1.2 Stealth
 * Level 5.4 Shields
 * Level 0.3 Evocations


You had 9 spell levels left.
You didn't know any spells.
Your spell library contained the following spells:

 Spells                   Type           Power      Damage    Failure   Level
 Sandblast                Erth           0%         2d4       36%         1
 Passwall                 Tmut/Erth      0%         N/A       50%         2
 Poisonous Vapours        Pois/Air       0%         N/A       50%         2
 Stone Arrow              Conj/Erth      0%         3d7       73%         3
 Corpse Rot               Necr/Pois/Air  0%         N/A       98%         4


Dungeon Overview and Level Annotations

Branches:
Dungeon (9/15)             Temple (0/1) D:5            Lair (0/5) D:9
    Orc: D:9-12

Altars:
Ashenzari
Fedhas
Nemelex Xobeh
Wu Jian
Yredelemnul

Shops:
D:1 *   D:6 *

Annotations:
D:5 2 transporters, Monkooky's ghost, amateur MeBr


Innate Abilities, Weirdness & Mutations

You have sharp fingernails.
You sometimes emit foul miasma when damaged in melee.
You are partially covered in sharp spines.
You have an extremely huge brain. (Int +4)


Message History

The two-headed ogre looks as sick as possible!
The two-headed ogre is moderately wounded.
You slash the two-headed ogre!
The two-headed ogre is moderately wounded.
The two-headed ogre is struck by your spines.
The two-headed ogre hits you with a +0 giant spiked club! x2
* * * LOW HITPOINT WARNING * * *
You slash the two-headed ogre!
The two-headed ogre is heavily wounded.
The two-headed ogre barely misses you. The two-headed ogre closely misses you.
Aim the phial where?
Press: ? - help, Q - select action, (/) - cycle Shift-Dir - straight line, f - two-headed ogre
Aim: a two-headed ogre, wielding two +0 giant spiked clubs (heavily wounded, extremely poisoned)
The torrent of water hits the two-headed ogre!
The two-headed ogre is severely wounded.
The two-headed ogre is knocked back by the torrent of water.
The two-headed ogre collides with the steam dragon!
The two-headed ogre is severely wounded.
The wave splashes down.
Splash!
You fall into the shallow water.
Moving in this stuff is going to be slow.
The two-headed ogre is engulfed in water.
The steam dragon is engulfed in water.
You feel much better.
The two-headed ogre is struck by your spines.
The two-headed ogre closely misses you.
The two-headed ogre hits you with a +0 giant spiked club!
* * * LOW HITPOINT WARNING * * *
Aiming: Mindburst
Press: ? - help, Q - select action, (/) - cycle Shift-Dir - straight line, f/p - two-headed ogre
Aim: a two-headed ogre, wielding two +0 giant spiked clubs (almost dead, very poisoned, waterlogged, chance to affect: 49%)
The two-headed ogre resists with some effort.
Unknown command.
Your unstable footing causes you to fumble your attack.
The two-headed ogre is struck by your spines.
The two-headed ogre hits you with a +0 giant spiked club!
* * * LOW HITPOINT WARNING * * *
The two-headed ogre hits you with a +0 giant spiked club!!
You die...

#........#
#.#
#........#
#.# #.# #.#
#.# #.# #.#
#~# . #@#
....######O#
....D....~D#
........~..#
....<......#
.[..$#####.#
..... #.#
.... #.# ...
#.#


You could see a two-headed ogre (very poisoned, waterlogged) and a steam dragon
(unsilenced, waterlogged).

Vanquished Creatures
  A troll (D:9)
  A wyvern (D:8)
  2 steam dragons (D:8)
  An acid dragon (D:8)
  3 water moccasins
  An orc warrior (D:7)
  A sky beast (D:8)
  2 black bears
  2 ogres
  4 ice beasts
  A centaur (D:8)
  A phantom (D:5)
  Blork the orc (D:5)
  2 gnoll sergeants
  2 bullfrogs
  5 scorpions
  3 electric eels (D:7)
  A jelly (D:8)
  3 hounds
  6 orc priests
  A gnoll bouda (D:8)
  4 iguanas
  11 orc wizards
  17 gnolls
  8 adders
  A white imp (D:7)
  2 ufetubi
  A worm (D:2)
  22 orcs
  3 endoplasms
  3 giant cockroaches
  3 goblins
  6 hobgoblins
  5 quokkas
  4 ball pythons
  3 bats
  6 frilled lizards
  2 kobolds
  5 rats
150 creatures vanquished.

Vanquished Creatures (collateral kills)
  A centaur (D:5)
1 creature vanquished.

Vanquished Creatures (others)
  An orc wizard (D:7)
  2 gnolls (D:8)
  3 fungi (D:2)
  28 plants
34 creatures vanquished.

Grand Total: 185 creatures vanquished

Notes
Turn   | Place    | Note
-------+----------+-------------------------------------------
     0 | D:1      | gelatine the Demonspawn Fighter began the quest for the
                  | Orb.
     0 | D:1      | Reached XP level 1. HP: 18/18 MP: 1/1
   430 | D:1      | Gained mutation: You have an unusually large brain. (Int
                  | +2) [demonic ancestry]
   430 | D:1      | Reached XP level 2. HP: 24/24 MP: 2/2
   465 | D:1      | Found Hobrid's General Store.
   537 | D:1      | Bought a scroll of identify for 24 gold pieces
   900 | D:2      | Gained mutation: You may rarely emit foul miasma when
                  | damaged in melee. [demonic ancestry]
   900 | D:2      | Reached XP level 3. HP: 27/29 MP: 3/3
  1665 | D:2      | Reached XP level 4. HP: 30/35 MP: 4/4
  1831 | D:2      | Found a faded altar of an unknown god.
  2369 | D:3      | Noticed a scorpion
  2376 | D:3      | Killed a scorpion
  2377 | D:3      | Reached XP level 5. HP: 31/42 MP: 5/5
  3234 | D:4      | Noticed an ogre
  3255 | D:4      | Killed an ogre
  3256 | D:4      | Reached skill level 1 in Dodging
  3256 | D:4      | Gained mutation: You are partially covered in sharp spines.
                  | [demonic ancestry]
  3256 | D:4      | Reached XP level 6. HP: 30/48 MP: 6/6
  3391 | D:4      | Found an ornate altar of the Wu Jian Council.
  3391 | D:4      | Found a blossoming altar of Fedhas.
  3842 | D:5      | Entered Level 5 of the Dungeon
  3865 | D:5      | Noticed Monkooky's ghost (amateur MeBr)
  3869 | D:5      | Gained mutation: You have sharp fingernails. [demonic
                  | ancestry]
  3869 | D:5      | Reached XP level 7. HP: 30/54 MP: 7/7
  4023 | D:5      | Found a transporter.
  4031 | D:5      | Found a transporter.
  4351 | D:5      | Noticed an angel
  4356 | D:5      | Found a basalt altar of Yredelemnul.
  4358 | D:5      | Noticed a profane servitor
  4647 | D:5      | Reached skill level 5 in Axes
  5020 | D:5      | Found a staircase to the Ecumenical Temple.
  5237 | D:5      | Noticed Blork the orc
  5244 | D:5      | Killed Blork the orc
  5245 | D:5      | Gained mutation: You sometimes emit foul miasma when
                  | damaged in melee. [demonic ancestry]
  5245 | D:5      | Reached XP level 8. HP: 61/61 MP: 8/8
  5276 | D:5      | Reached skill level 5 in Armour
  5451 | D:5      | Reached skill level 5 in Fighting
  5724 | D:6      | Reached skill level 1 in Throwing
  5854 | D:6      | Identified the +0 robe "Kiolaowneck" {rCorr Int-3 Slay+5
                  | SInv}
  6061 | D:6      | Found Luvviaj's Assorted Antiques.
  6067 | D:6      | Bought a runed helmet for 202 gold pieces
  6434 | D:7      | HP: 3/63 [electric eel/bolt of electricity (9)]
  7008 | D:7      | Gained mutation: You have an extremely huge brain. (Int +4)
                  | [demonic ancestry]
  7008 | D:7      | Reached XP level 9. HP: 49/68 MP: 9/9
  9173 | D:8      | Reached skill level 5 in Shields
  9286 | D:8      | Found a broken altar of Ashenzari.
  9990 | D:8      | Found a sparkling altar of Nemelex Xobeh.
 10091 | D:8      | Reached skill level 1 in Stealth
 10469 | D:9      | Found a staircase to the Lair.
 10469 | D:9      | Noticed a troll
 10741 | D:9      | Noticed a troll
 10744 | D:9      | Noticed a two-headed ogre
 10749 | D:9      | Killed a troll
 10750 | D:9      | Reached XP level 10. HP: 44/76 MP: 10/10
 10763 | D:9      | Demolished by a two-headed ogre

Illustrated notes

Levels and vault maps discovered:
D:1:      dpeg_arrival_another_circle, layout_loops_cross, serial_shops,
          nicolae_shop_crystal
D:2:      layout_basic, shapermc_ecumenical_altar_ellora,
          amcnicky_mini_corridor_feature, grunt_ministairs_6
D:3:      layout_basic, minmay_cut_off
D:4:      layout_gridville, jmf_multi_god_temple
D:5:      layout_basic, grunt_temple_overflow_holy_war,
          minmay_temple_entry_from_below_b, gammafunk_ghost_mausoleum,
          kennysheep_potato, uniq_blork_the_orc
D:6:      layout_loops_ring, serial_shops, nicolae_shop_stone
D:7:      layout_basic, serial_bayou_lake_a
D:8:      layout_basic, nicolae_ashenzari_panopticon, nemelex_spade_bored_becter
D:9:      layout_long_grid, erik_lair_island

Skill      XL: |  1  2  3  4  5  6  7  8  9 |
---------------+----------------------------+-----
Axes           | 2 3 4 5 6 7 |  7.1
Armour         | 3 4 5 7 |  7.5
Shields        | 3 4 5 |  5.4
Fighting       | 4 5 6 |  6.2
Dodging        | 1 2 3 4 |  4.3
Throwing       | 1 2 |  2.5
Stealth        | 1 |  1.2
Evocations     | |  0.3

Action                   |  1- 3 |  4- 6 |  7- 9 | 10-12 || total
-------------------------+-------+-------+-------+-------++-------
Melee: War axe           |    84 |   103 |   211 |       ||   398
       Hand axe          |       |       |    70 |     5 ||    75
Throw: Boomerang         |       |       |    42 |       ||    42
       Throwing net      |       |       |     2 |       ||     2
Evoke: Wand              |       |       |     1 |     1 ||     2
       Phial of floods   |       |       |       |     1 ||     1
  Use: Scroll            |     5 |     5 |     3 |       ||    13
       Potion            |       |     1 |     1 |     1 ||     3
 Stab: Sleeping          |       |       |     1 |       ||     1
Armor: Scale mail        |    50 |    10 |       |       ||    60
       Chain mail        |       |    34 |   110 |       ||   144
       Robe              |       |       |    16 |       ||    16
Dodge: Dodged            |    38 |    40 |   113 |     6 ||   197
Block: Buckler           |    19 |    32 |    56 |     1 ||   108
